Map: Winter's Gate LE

Players

iGiAsonu - Winner!

  • Race: Zerg Zerg
  • Spawn Location: 5:00

hellraiser

  • Race: Protoss Protoss
  • Spawn Location: 11:00

Event: NationWars 2019

VOD

Have the link to the VOD?

Description

Time

  • Played on: Oct. 3, 2019, 1:31 p.m.
  • Length: 13:40
Show
View Real Time Build Order
Export as new Build Order

iGiAsonu Zerg - Winner!

Build Orders: Hatch First, Swarm Host 

Get SALT Encoding   

  12  0:01  Drone  
  13  0:13  Overlord  
  13  0:17  Drone  
  14  0:32  Drone x2  
  16  0:48  Hatchery  
  15  0:51  Drone  
  15  0:55  Drone  
  17  0:58  Drone  
  18  1:08  Extractor  
  17  1:14  Spawning Pool  
  17  1:16  Drone  
  17  1:21  Drone  
  18  1:29  Drone  
  19  1:40  Drone  
  20  1:49  Hatchery  
  20  1:50  Drone  
  20  2:01  Queen  
  22  2:09  Queen  
  24  2:17  Overlord  
  24  2:20  Drone  
  24  2:22  Drone  
  26  2:24  Drone  
  26  2:28  Zergling x2  
  28  2:36  Zergling x2, Metabolic Boost  
  29  2:43  Drone  
  30  2:48  Drone  
  31  2:52  Queen  
  31  2:56  Drone  
  35  2:58  Zergling x4  
  35  3:04  Queen  
  38  3:09  Overlord  
  38  3:10  Drone  
  38  3:20  Drone x2  
  38  3:27  Drone  
  38  3:33  Drone x5  
  41  3:39  Pneumatized Carapace  
  41  3:44  Overlord  
  41  3:48  Drone  
  41  3:49  Drone x3  
  45  3:57  Overlord  
  45  4:06  Drone x4  
  49  4:15  Queen  
  49  4:16  Queen  
  53  4:17  Drone x4  
  53  4:23  Drone  
  58  4:27  Spore Crawler  
  58  4:28  Drone  
  58  4:34  Spore Crawler x2, Queen  
  58  4:37  Overlord  
  58  4:41  Overlord  
  58  4:47  Extractor  
  58  4:48  Extractor  
  58  4:50  Roach Warren  
  58  4:51  Drone, Queen  
  58  4:57  Overlord  
  58  4:59  Drone  
  62  5:00  Drone x3  
  62  5:02  Drone x2  
  62  5:04  Drone  
  62  5:05  Drone  
  66  5:12  Overlord  
  65  5:17  Overlord  
  65  5:24  Overlord  
  65  5:30  Roach x4  
  65  5:31  Roach x2  
  65  5:33  Roach  
  79  5:36  Roach x2  
  83  5:43  Zergling x10  
  83  5:48  Zergling x8  
  92  5:52  Ravager x2  
  92  5:53  Ravager  
  92  5:54  Overlord  
  95  6:00  Zergling x4  
  95  6:01  Zergling x2  
  98  6:10  Overlord  
  98  6:12  Queen  
  98  6:14  Zergling x12  
  105  6:24  Overlord  
  105  6:25  Overlord  
  105  6:26  Overlord  
  105  6:27  Queen  
  105  6:32  Overlord  
  107  6:35  Ravager x4  
  107  6:37  Zergling x2  
  107  6:38  Zergling x4  
  113  6:42  Overlord  
  113  6:44  Zergling x12  
  119  6:47  Ravager  
  119  6:52  Zergling x6  
  119  6:53  Queen  
  125  6:55  Ravager  
  113  7:17  Zergling x2  
  113  7:18  Zergling x18  
  120  7:27  Roach x2, Queen  
  120  7:28  Queen  
  105  7:43  Zergling x8, Roach  
  108  7:48  Drone  
  100  7:51  Drone, Queen  
  100  7:58  Zergling x4  
  97  8:04  Zergling x4  
  97  8:05  Drone  
  97  8:08  Lair  
  97  8:12  Roach, Extractor  
  93  8:13  Extractor  
  92  8:21  Zergling x2, Roach  
  92  8:24  Drone x2  
  92  8:25  Evolution Chamber  
  96  8:27  Drone  
  96  8:32  Hatchery  
  95  8:34  Drone x2  
  95  8:39  Drone x7, Extractor  
  95  8:40  Hatchery  
  101  8:51  Zerg Missile Weapons Level 1, Overlord  
  101  8:54  Roach x4  
  109  8:58  Ravager x3  
  109  8:59  Overlord  
  109  9:01  Zergling x4  
  114  9:09  Glial Reconstitution  
  114  9:12  Zergling x12, Roach  
  114  9:13  Infestation Pit  
  121  9:20  Overseer  
  121  9:26  Drone x3  
  121  9:28  Drone x2  
  121  9:30  Drone x2  
  127  9:42  Overlord  
  126  9:49  Swarm Host  
  126  9:50  Swarm Host x8  
  153  9:56  Swarm Host x3  
  162  10:06  Roach  
  162  10:07  Roach x4  
  172  10:16  Nydus Network  
  172  10:17  Roach x4  
  179  10:29  Zergling x4, Roach  
  179  10:30  Zergling x14  
  179  10:34  Overlord x2  
  188  10:40  Zergling x2  
  189  10:59  Zerg Missile Weapons Level 2  
  189  11:02  Nydus Canal  
  184  11:07  Hive  
  184  11:10  Spire, Baneling Nest  
  181  11:14  Zergling x2, Roach  
  181  11:15  Zergling x34  
  192  11:24  Roach x3  
  196  11:28  Roach  
  196  11:29  Roach x3  
  189  11:33  Zergling x6  
  189  11:37  Roach x2  
  181  11:47  Ravager x2  
  157  12:02  Roach x13  
  170  12:11  Roach x5  
  174  12:18  Roach x4  
  160  12:24  Roach x2  
  160  12:26  Overseer  
  143  12:31  Zergling x2, Roach  
  143  12:32  Zergling x6  
  143  12:35  Drone x2  
  145  12:50  Ravager x9  
  154  12:55  Overseer  
  154  13:01  Roach x3  
  156  13:06  Roach  
  154  13:13  Roach  
  154  13:14  Roach  
Show
View Real Time Build Order
Export as new Build Order

hellraiser Protoss 

Build Orders: 1 Gate Expand, Oracle Opening 

Get SALT Encoding   

  12  0:00  Probe  
  13  0:13  Probe  
  14  0:20  Pylon  
  14  0:25  Probe  
  15  0:38  Probe (Chrono Boost), Gateway  
  16  0:47  Probe (Chrono Boost), Assimilator  
  17  0:52  Probe  
  18  1:04  Probe  
  19  1:20  Nexus  
  19  1:23  Probe  
  20  1:34  Cybernetics Core  
  20  1:37  Probe  
  21  1:45  Assimilator  
  21  1:49  Probe  
  21  1:52  Pylon  
  22  2:01  Probe  
  23  2:08  Adept (Chrono Boost)  
  23  2:13  Probe  
  26  2:20  Stargate  
  26  2:27  Probe (Chrono Boost)  
  26  2:28  Adept (Chrono Boost)  
  27  2:33  Probe (Chrono Boost)  
  27  2:35  Warp Gate  
  30  2:42  Probe x2 (Chrono Boost)  
  32  2:48  Probe  
  32  2:49  Probe  
  32  2:50  Adept  
  36  3:01  Probe  
  36  3:03  Void Ray (Chrono Boost)  
  36  3:05  Probe  
  42  3:13  Probe  
  42  3:15  Pylon  
  42  3:17  Probe  
  44  3:25  Probe  
  45  3:29  Probe  
  42  3:36  Oracle (Chrono Boost)  
  42  3:37  Gateway  
  42  3:38  Probe  
  46  3:41  Probe  
  46  3:42  Assimilator  
  46  3:44  Assimilator  
  47  3:49  Forge  
  47  3:50  Probe  
  47  3:53  Probe  
  49  4:02  Probe  
  50  4:06  Oracle, Probe  
  50  4:09  Pylon  
  54  4:16  Robotics Facility  
  54  4:25  Protoss Ground Weapons Level 1  
  54  4:27  Probe x2  
  54  4:30  Adept  
  58  4:33  Pylon  
  58  4:35  Zealot  
  60  4:39  Pylon, Probe x2  
  62  4:48  Oracle (Chrono Boost)  
  62  4:50  Probe  
  62  4:51  Probe  
  67  4:57  Nexus  
  67  4:58  Probe  
  67  5:04  Observer  
  67  5:05  Pylon  
  67  5:06  Probe  
  69  5:07  Pylon  
  69  5:09  Probe  
  71  5:16  Sentry x2  
  71  5:19  Probe  
  76  5:24  Immortal (Chrono Boost)  
  76  5:25  Shield Battery  
  80  5:28  Probe  
  80  5:31  Probe  
  82  5:37  Gateway x2  
  82  5:40  Probe  
  83  5:45  Probe  
  84  5:51  Sentry x2  
  84  5:53  Immortal (Chrono Boost)  
  92  5:59  Gateway  
  92  6:02  Gateway  
  92  6:12  Shield Battery  
  92  6:14  Stalker x2  
  92  6:15  Shield Battery  
  92  6:18  Probe x2  
  98  6:19  Probe  
  98  6:24  Immortal (Chrono Boost)  
  99  6:30  Probe  
  104  6:36  Protoss Ground Armor Level 1 (Chrono Boost)  
  104  6:39  Pylon  
  105  6:44  Twilight Council  
  105  6:45  Shield Battery  
  105  6:46  Stalker  
  106  6:47  Sentry, Shield Battery  
  108  6:56  Immortal (Chrono Boost)  
  108  6:59  Pylon  
  112  7:02  Pylon  
  112  7:03  Stalker x2  
  106  7:15  Stalker  
  106  7:16  Stalker x3  
  112  7:27  Stalker x2  
  112  7:28  Probe  
  112  7:29  Probe  
  106  7:30  Immortal (Chrono Boost)  
  98  7:40  Zealot x3  
  98  7:41  Zealot  
  99  7:45  Probe  
  85  7:51  Zealot x2  
  85  7:54  Probe  
  78  8:01  Zealot x3  
  78  8:02  Immortal (Chrono Boost)  
  82  8:07  Probe x2  
  82  8:09  Blink (Chrono Boost)  
  82  8:10  Probe  
  85  8:19  Probe x2  
  87  8:20  Sentry  
  87  8:21  Stalker, Sentry  
  87  8:23  Probe  
  94  8:28  Zealot  
  94  8:31  Probe  
  94  8:32  Probe  
  94  8:33  Immortal (Chrono Boost)  
  98  8:38  Protoss Ground Weapons Level 2 (Chrono Boost), Probe  
  103  8:43  Probe, Assimilator  
  103  8:44  Probe  
  103  8:47  Assimilator  
  105  8:50  Probe  
  105  8:54  Pylon  
  106  9:00  Robotics Bay, Photon Cannon  
  106  9:03  Warp Prism (Chrono Boost)  
  108  9:11  Stalker x2, Sentry  
  114  9:19  Stalker  
  114  9:20  Pylon, Stalker  
  118  9:40  Nexus  
  118  9:47  Colossus (Chrono Boost)  
  118  9:48  Dark Shrine  
  124  9:56  Pylon  
  124  9:57  Photon Cannon  
  124  10:04  Charge (Chrono Boost), Probe x2  
  126  10:08  Pylon  
  126  10:11  Stalker x4  
  126  10:12  Stalker  
  136  10:15  Extended Thermal Lance  
  136  10:18  Zealot  
  138  10:35  Colossus (Chrono Boost)  
  142  10:50  Protoss Ground Weapons Level 3 (Chrono Boost)  
  142  10:51  Stalker x6  
  142  10:55  Gateway  
  152  10:57  Probe  
  152  10:58  Probe, Gateway  
  152  11:01  Probe  
  155  11:06  Probe  
  155  11:09  Probe  
  155  11:14  Cybernetics Core  
  149  11:23  Zealot x5  
  149  11:33  Probe  
  148  11:47  Zealot x3  
  148  11:50  Probe  
  148  11:52  Probe  
  148  11:53  Probe  
  154  11:55  Probe  
  154  11:58  Zealot  
  153  12:06  Dark Templar x2, Zealot  
  135  12:14  Stalker  
  135  12:15  Zealot x2  
  115  12:16  Probe  
  115  12:20  Probe  
  115  12:23  Dark Templar  
  103  12:36  Stalker x3  
  103  12:39  Stalker x3  
  103  13:03  Stalker x7  
Tags
 
Add a new tag
Caveats
  • Supply blocks, unpowered buildings, or Contaminate may cause inaccurate times.
  • Supply counts are checked every 10 seconds.